 Dungeon Crawl Stone Soup version 0.16.1 (webtiles) character file.

2757 FedoraBrony69 the Infuser (level 9, -2/38 HPs)
             Began as a Deep Elf Conjurer on May 9, 2015.
             Was an Initiate of Vehumet.
             Slain by a killer bee (5 damage)
             ... on level 7 of the Dungeon.
             The game lasted 00:16:52 (8108 turns).

FedoraBrony69 the Infuser (Deep Elf Conjurer)       Turns: 8108, Time: 00:16:52

Health: -2/38      AC:  6    Str:  5    XL:     9   Next: 41%
Magic:  0/29       EV: 14    Int: 26    God:    Vehumet [......]
Gold:   625        SH:  0    Dex: 18    Spells: 4 memorised, 11 levels left

rFire  . . .     SeeInvis .     j - +0 spear
rCold  + . .     Clarity  .     t - +2 robe {MR+}
rNeg   . . .     SustAb   .     (no shield)
rPois  .         Gourm    .     (no helmet)
rElec  .         Spirit   .     (no cloak)
rCorr  .         Warding  .     O - +0 pair of gloves
rMut   .         Stasis   .     L - +0 pair of boots
MR     +....                    (no amulet)
Stlth  ++........               o - ring of protection from cold
                                G - +3 ring of dexterity

@: lethally poisoned (-2 -> -7), about to teleport, drained, somewhat resistant
to hostile enchantments, unstealthy
A: clever 1, frail 2, spit poison 1
a: Spit Poison, Renounce Religion


You were on level 7 of the Dungeon.
You worshipped Vehumet.
Vehumet was noncommittal.
You were hungry.

You visited 2 branches of the dungeon, and saw 9 of its levels.

You collected 625 gold pieces.

Inventory:

Hand weapons
 j - a +0 spear (weapon)
Armour
 t - a +2 robe of magic resistance (worn)
 y - a cursed +0 leather armour
 L - a +0 pair of boots (worn)
 O - a +0 pair of gloves (worn)
Jewellery
 o - a ring of protection from cold (right hand)
 p - an uncursed ring of flight
 G - a +3 ring of dexterity (left hand)
Magical devices
 B - a wand of magic darts (31)
 N - a wand of teleportation (4)
 P - a wand of digging (5)
Scrolls
 h - 2 scrolls of fear
 l - 2 scrolls of blinking {unknown}
 n - 3 scrolls of teleportation {unknown}
 r - 6 scrolls of remove curse {unknown}
 u - 7 scrolls of identify {unknown}
 x - a scroll of noise {unknown}
 C - a scroll of enchant weapon {unknown}
 J - a scroll of recharging {unknown}
Potions
 d - 2 potions of heal wounds {unknown}
 e - 3 potions of mutation
 g - 3 potions of restore abilities {unknown}
 i - a potion of lignification {unknown}
 k - a potion of invisibility {unknown}
 m - 3 potions of curing
 s - a potion of flight {unknown}
 w - 3 potions of haste {unknown}
 z - a potion of agility
 A - 3 potions of magic {unknown}
 D - 2 potions of cure mutation {unknown}
 E - a potion of brilliance {unknown}
 F - a potion of poison {unknown}
 K - a potion of might {unknown}
Books
 c - a book of Conjurations

   Spells                             Type                      Level
   a - Magic Dart                     Conjuration                  1
   b - Searing Ray                    Conjuration                  2
   c - Dazzling Spray                 Conjuration/Hexes            3
   d - Fulminant Prism                Conjuration/Hexes            4
   e - Iskenderun's Mystic Blast      Conjuration                  4
   f - Iskenderun's Battlesphere      Conjuration/Charms           5
 I - a book of Ice

   Spells                             Type                      Level
   a - Ice Form                       Ice/Transmutation            4
   b - Metabolic Englaciation         Hexes/Ice                    5
   c - Ozocubu's Refrigeration        Ice                          6
   d - Bolt of Cold                   Conjuration/Ice              6
   e - Freezing Cloud                 Conjuration/Ice/Air          6
   f - Simulacrum                     Ice/Necromancy               6
Comestibles
 a - a chunk of flesh
 b - 4 bread rations
 f - 2 meat rations
 q - 6 fruits
 v - a beef jerky
 H - 2 royal jellies
 M - 2 slices of pizza


   Skills:
 + Level 2.1(1.9) Fighting
 + Level 4.1(3.8) Dodging
 - Level 2.4(2.2) Stealth
 + Level 9.8(9.5) Spellcasting
 + Level 8.9(8.7) Conjurations
 - Level 10.0(9.7) Charms


You had 11 spell levels left.
You knew the following spells:

 Your Spells              Type           Power        Failure   Level  Hunger
a - Magic Dart            Conj           ####         1%          1    None
b - Iskenderun's Battles  Conj/Chrm      ######..     3%          5    ####...
c - Iskenderun's Mystic   Conj           ######..     1%          4    #......
d - Freezing Cloud        Conj/Ice/Air   ####......   99%         6    ######.


Dungeon Overview and Level Annotations

Branches:
Dungeon (8/15)             Temple (1/1) D:7
   Lair: D:8-11

Altars:
Ashenzari
Cheibriados
Dithmenos
Elyvilon
Gozag
Kikubaaqudgha
Makhleb
Nemelex Xobeh
Okawaru
Ru
Sif Muna
Trog
Vehumet
Xom
Yredelemnul
Zin
The Shining One

Shops:
D:8 *

Annotations:
D:7 1 runed door


Innate Abilities, Weirdness & Mutations

Your mind is acute. (Int +2)
You are very frail (-20% HP).
You can spit poison.


Message History

* * * LOW HITPOINT WARNING * * *
You feel sick. The killer bee barely misses you.
The killer bee closely misses you.
Drink which item? (? for menu, Esc to quit)
It was a potion of mutation.
You feel extremely strange.
You feel clever.
You feel frail.
There is a nasty taste in your mouth for a moment.
* * * LOW HITPOINT WARNING * * *
You feel sick. The killer bee closely misses you.
The killer bee stings you but does no damage.
Read which item? (? for menu, Esc to quit)
Okay, then.
Evoke which item? (* to show all) (? for menu, Esc to quit)
Zapping:
N - a wand of teleportation (will waste charges)
Press: ? - help, Shift-Dir - straight line, f - you, p - killer bee You feel strangely unstable.
Evoking this partially-identified wand wasted a few charges.
* * * LOW HITPOINT WARNING * * *
You feel sick. The killer bee stings you.
You die...

##.## #.#
##.......# #.#
#.# #.#####.#
##.# #.# #.# #.#
##.# #># #.# #.#
##.# #.# #.#
#.## ##.#### #.#
#.# #... ......#
#.# #.# ###.
#####.# #y# #.#
#. #.# #@### #.#
#.
#.##########...#
#.# #.
#.....##...###.#
#.# #.
#######..⌠..##.#
#.# #.
#.......#.# #.#
#. #..._...#.#
#.# #.
#.8...8.'.#
##.#######.
#..._...###
#..........
#.......#
#..########


You could see a killer bee.

Vanquished Creatures
  The ghost of FedoraBrony69 the Thaumaturge, an experienced DECj of Vehumet (D:6)
  The ghost of FedoraBrony69 the Conjurer, an average DECj (D:4)
  The ghost of FedoraBrony69 the Conjurer, an average DECj (D:3)
  An ice beast (D:7)
  A water moccasin (D:8)
  A sky beast (D:8)
  4 ogres
  Duvessa (D:4)
  3 centaurs
  Blork the orc (D:8)
  2 scorpions
  A killer bee (D:8)
  8 wights
  Dowan (D:4)
  2 crimson imps
  4 orc priests
  3 giant frog skeletons
  A goliath beetle (D:6)
  5 orc wizards
  A worker ant (D:4)
  Natasha (thrice) (D:3)
  Jessica (D:3)
  A worker ant zombie (D:5)
  8 adders
  2 giant mites
  5 worms
  2 adder zombies
  2 adder skeletons
  An ooze (D:3)
  16 orcs
  11 bats
  A bat skeleton (D:4)
  A bat zombie (D:8)
  8 giant cockroaches
  10 goblins
  11 hobgoblins
  7 jackals
  A quokka (D:4)
  4 giant geckos
  A giant gecko skeleton (D:4)
  5 giant newts
  A jackal zombie (D:5)
  12 kobolds
  A quokka skeleton (D:6)
  2 quokka zombies
  5 rats
165 creatures vanquished.

Notes
Turn   | Place    | Note
--------------------------------------------------------------
     0 | D:1      | FedoraBrony69, the Deep Elf Conjurer, began the quest for the Orb.
     0 | D:1      | Reached XP level 1. HP: 10/10 MP: 5/5
   410 | D:1      | Reached XP level 2. HP: 15/15 MP: 3/8
   735 | D:2      | Reached XP level 3. HP: 19/19 MP: 8/12
   804 | D:2      | Reached skill level 5 in Conjurations
   984 | D:2      | Found an opulent altar of Gozag.
  1627 | D:3      | Noticed Jessica
  1630 | D:3      | Killed Jessica
  1630 | D:3      | Reached XP level 4. HP: 24/24 MP: 11/16
  1879 | D:3      | Reached skill level 5 in Spellcasting
  1888 | D:3      | Learned a level 4 spell: Iskenderun's Mystic Blast
  1922 | D:3      | Noticed Natasha
  1934 | D:3      | Killed Natasha
  1934 | D:3      | Reached XP level 5. HP: 16/28 MP: 0/19
  1940 | D:3      | Noticed Natasha
  1947 | D:3      | Killed Natasha
  2217 | D:3      | Learned a level 5 spell: Iskenderun's Battlesphere
  2251 | D:3      | Reached skill level 6 in Conjurations
  2427 | D:3      | Reached skill level 1 in Charms
  2456 | D:3      | Found a white marble altar of Elyvilon.
  2615 | D:3      | Noticed Natasha
  2615 | D:3      | Killed Natasha
  2638 | D:3      | Noticed FedoraBrony69's ghost (average DECj)
  2644 | D:3      | Killed FedoraBrony69's ghost
  2644 | D:3      | Reached XP level 6. HP: 10/32 MP: 15/22
  3588 | D:4      | Noticed FedoraBrony69's ghost (average DECj)
  3614 | D:4      | Killed FedoraBrony69's ghost
  3614 | D:4      | Reached skill level 5 in Charms
  3614 | D:4      | Reached XP level 7. HP: 36/36 MP: 6/24
  4048 | D:4      | Found a glowing golden altar of the Shining One.
  4110 | D:4      | Noticed Duvessa
  4112 | D:4      | Noticed Dowan
  4125 | D:4      | Killed Duvessa
  4131 | D:4      | Killed Dowan
  4371 | D:5      | Entered Level 5 of the Dungeon
  4563 | D:5      | Reached skill level 7 in Spellcasting
  5704 | D:6      | Reached XP level 8. HP: 41/41 MP: 17/27
  5738 | D:6      | Noticed FedoraBrony69's ghost (experienced DECj)
  5740 | D:6      | Killed FedoraBrony69's ghost
  5740 | D:6      | Reached skill level 8 in Spellcasting
  5766 | D:6      | Learned a level 6 spell: Freezing Cloud
  5873 | D:6      | Reached skill level 9 in Charms
  5902 | D:6      | Found a sacrificial altar of Ru.
  5956 | D:6      | Found a sparkling altar of Nemelex Xobeh.
  6527 | D:7      | Found a glowing golden altar of the Shining One.
  6528 | D:7      | Found a runed door.
  6528 | D:7      | Noticed an angel
  6908 | D:7      | Found a staircase to the Ecumenical Temple.
  6931 | Temple   | Entered the Ecumenical Temple
  6945 | Temple   | Became a worshipper of Vehumet
  7226 | D:7      | Found a sparkling altar of Nemelex Xobeh.
  7227 | D:7      | Found an opulent altar of Gozag.
  7416 | D:8      | Reached XP level 9. HP: 44/46 MP: 8/29
  7500 | D:8      | Reached skill level 10 in Charms
  7596 | D:8      | Found Kuaf's Elemental Accessories.
  7607 | D:8      | Noticed Blork the orc
  7610 | D:8      | Killed Blork the orc
  7610 | D:8      | Reached skill level 1 in Fighting
  7954 | D:8      | Gained mutation: You are frail (-10% HP). [mutagenic meat]
  8107 | D:7      | Gained mutation: Your mind is acute. (Int +2) [potion of mutation]
  8107 | D:7      | Gained mutation: You are very frail (-20% HP). [potion of mutation]
  8107 | D:7      | Gained mutation: You can spit poison. [potion of mutation]
  8108 | D:7      | Slain by a killer bee

Action                   |  1- 3 |  4- 6 |  7- 9 || total
-------------------------+-------+-------+-------++-------
Melee: Spear             |    17 |     2 |     1 ||    20
 Cast: Magic Dart        |    76 |   121 |   181 ||   378
       Iskenderun's Myst |       |     7 |    39 ||    46
       Iskenderun's Batt |       |       |     8 ||     8
Evoke: Wand              |       |       |     1 ||     1
  Use: Scroll            |       |     1 |       ||     1
       Potion            |       |     1 |     3 ||     4
  Eat: Chunk             |     1 |     7 |    19 ||    27
